AoeStats
← lizzya14

Arabia

505545686Analyzed
1v1 RM · 23d ago on Sep 9, 2026· 74m 2s· 2 players
Game mode
Random Map
Map size
Tiny (2 player)
Population
200
Speed
Normal
Resources
Standard
Victory
Conquest
Starting age
Dark Age
Ending age
Imperial Age
RankedLock teamsTeams togetherTeam positionsShared explorationLock speedFull tech treeHidden civsTurbo modeCheats
Victory
Defeat
🇺🇸 Huns · United States
1442
+19
🇪🇸 Byzantines · Spain
1506
-19
lizzya14
6:47 Loom
9:53 Feudal Age
17:05 Castle Age
15:21 Gold Mining
15:34 Double-Bit Axe
17:28 Fletching
18:19 Bow Saw
18:20 Horse Collar
20:38 Bodkin Arrow
22:02 Padded Archer Armor
25:19 Leather Archer Armor
25:18 Bloodlines
28:06 Wheelbarrow
28:46 Leather Archer Armor
32:18 Heavy Plow
32:33 Husbandry
33:31 Town Watch
34:02 Hand Cart
37:12 Thumb Ring
43:01 Imperial Age
40:33 Marauders
41:48 Scale Barding Armor
43:39 Chain Barding Armor
44:03 Gold Shaft Mining
45:04 Plate Barding Armor
43:53 Elite Tarkan
44:54 Conscription
46:02 Forging
46:03 Stone Mining
46:55 Ballistics
46:38 Bracer
48:25 Iron Casting
49:25 Chemistry
50:28 Blast Furnace
49:10 Light Cavalry
49:45 Pikeman
50:27 Scale Mail Armor
52:39 Chain Mail Armor
53:16 Halberdier
53:59 Squires
59:15 Two-Man Saw
62:26 Guilds
63:01 Heavy Cavalry Archer
64:10 Parthian Tactics
66:41 Hussar
st☆rchild
5:22 Loom
10:01 Feudal Age
10:32 Double-Bit Axe
20:11 Castle Age
18:29 Gold Mining
18:38 Horse Collar
19:09 Fletching
19:58 Padded Archer Armor
20:15 Crossbowman
23:32 Bodkin Arrow
25:45 Ballistics
29:33 Bow Saw
29:36 Elite Skirmisher
29:46 Elite Skirmisher
30:33 Heavy Plow
31:08 Leather Archer Armor
32:14 Wheelbarrow
34:00 Stone Mining
38:31 Imperial Age
38:58 Hand Cart
39:23 Husbandry
38:49 Heavy Camel Rider
40:39 Two-Man Saw
39:52 Light Cavalry
42:27 Gold Shaft Mining
42:56 Chemistry
41:34 Hussar
43:05 Scale Barding Armor
43:10 Forging
43:04 Bracer
43:56 Scale Barding Armor
44:23 Forging
45:06 Crop Rotation
46:10 Chain Barding Armor
48:54 Iron Casting
51:26 Plate Barding Armor
51:19 Murder Holes
54:06 Conscription
54:40 Arbalester
55:26 Thumb Ring
68:32 Ring Archer Armor
Connection lost

Rejoining the realm…

Still unreachable

The connection could not be restored.

Session expired

The server has moved on; the page needs a fresh start.